 Dungeon Crawl Stone Soup version 0.18-a0-1157-g59db91b (webtiles) character file.

57466 Leszczynek the Basher (level 14, -2/111 HPs)
             Began as an Octopode Skald on Jan 22, 2016.
             Was a High Priest of Nemelex Xobeh.
             Slain by a death yak (22 damage)
             ... on level 7 of the Lair of Beasts on Jan 23, 2016.
             The game lasted 01:59:44 (37741 turns).

Leszczynek the Basher (Octopode Skald)             Turns: 37741, Time: 01:59:44

Health: -2/111     AC: 12    Str: 11    XL:     14   Next: 86%
Magic:  22/23      EV: 19    Int: 18    God:    Nemelex Xobeh [*****.]
Gold:   1501       SH: 11    Dex: 17    Spells: 8 memorised, 3 levels left

rFire  + . .     SeeInvis +     a - +1 flail (protect)
rCold  + + .     Gourm    .     w - +3 buckler
rNeg   + . .     Faith    .     (helmet restricted)
rPois  .         Spirit   .     I - +3 amulet of reflection
rElec  .         Dismiss  .     u - ring of see invisible
rCorr  .         Reflect  +     L - ring of poison resistance
SustAt +         Harm     .     k - ring of protection from cold
MR     +....                    (no ring)
Stlth  ++++++....               i - ring of Midwinter {SustAt rF+ rC+ rN+ Int+2}
                                e - +2 ring of dexterity
                                D - ring of stealth
                                (no ring)

@: icy armour (expiring), poison vulnerable, somewhat resistant to hostile
enchantments, very stealthy
A: almost no armour, amphibious, 8 rings, constrict 8, camouflage 1, robust 1,
gelatinous body 1
a: Triple Draw, Deal Four, Stack Five, Renounce Religion


You were on level 7 of the Lair of Beasts.
You worshipped Nemelex Xobeh.
Nemelex Xobeh was extremely pleased with you.
You were not hungry.

You visited 3 branches of the dungeon, and saw 20 of its levels.
You also visited: Ice Cave.

You collected 1573 gold pieces.

Inventory:

Hand Weapons
 a - a +1 flail of protection (weapon)
 b - a +0 hunting sling
 G - a +0 morningstar
Missiles
 j - 433 stones (quivered)
 z - 135 sling bullets
 C - 73 poisoned needles
 H - 6 throwing nets
 J - 15 tomahawks
Armour
 w - a +3 buckler (worn)
Jewellery
 e - a +2 ring of dexterity (on tentacle)
 i - the ring of Midwinter (on tentacle) {SustAt rF+ rC+ rN+ Int+2}
   (You found it in an ice cave)

   [ring of sustain attributes]

   It sustains your strength, intelligence and dexterity.
   It affects your intelligence (+2).
   It protects you from fire.
   It protects you from cold.
   It protects you from negative energy.
 k - a ring of protection from cold (on tentacle)
 u - a ring of see invisible (left tentacle)
 D - a ring of stealth (on tentacle)
 I - a +3 amulet of reflection (around mantle)
 L - a ring of poison resistance (right tentacle)
 X - an uncursed ring of ice
 Y - the ring of the Countless Spirits {*Tele rElec}
   (You found it in an ice cave)

   [ring of teleportation]

   It may teleport you next to monsters.
   It insulates you from electricity.
Wands
 g - a wand of digging (15/24)
 q - a wand of teleportation (8/9)
 r - a wand of slowing (23/48)
 O - a wand of confusion (10/48)
 R - a wand of disintegration (4/24)
Scrolls
 f - 15 scrolls of remove curse
 l - a scroll of teleportation
 n - 2 scrolls of fog
 y - 7 scrolls of enchant armour
 A - 2 scrolls of enchant weapon
 P - a scroll of identify
 S - 2 scrolls of fear
 V - a scroll of blinking
Potions
 d - a potion of might
 m - 7 potions of brilliance
 s - 3 potions of flight
 B - a potion of curing
Books
 K - a book of Frost

   Spells                             Type                      Level
   a - Freeze                         Ice                          1
   b - Throw Frost                    Conjuration/Ice              2
   c - Ozocubu's Armour               Charms/Ice                   3
   d - Throw Icicle                   Conjuration/Ice              4
   e - Summon Ice Beast               Ice/Summoning                4
   f - Condensation Shield            Ice                          4
Miscellaneous
 c - a legendary deck of destruction
 h - an ornate deck of war {drawn: 3}
 o - a legendary deck of war
 t - an ornate deck of escape
 E - a legendary deck of war
 F - a fan of gales
 M - a plain deck of escape {drawn: 9}
 Q - an ornate deck of destruction {drawn: 6}
 T - an ornate deck of destruction
 W - a legendary deck of war
 Z - an ornate deck of escape
Comestibles
 p - 11 bread rations
 v - 11 fruits
 U - 8 meat rations


   Skills:
 - Level 11.2 Fighting
 - Level 14.0 Maces & Flails
 + Level 9.4 Dodging
 - Level 5.3 Stealth
 - Level 4.0 Shields
 - Level 3.8 Spellcasting
 - Level 5.3 Hexes
 - Level 5.2 Charms
 - Level 2.7 Summonings
 - Level 5.0 Translocations
 + Level 1.7 Ice Magic
 - Level 12.2 Evocations


You had 3 spell levels left.
You knew the following spells:

 Your Spells              Type           Power        Failure   Level  Hunger
a - Infusion              Chrm           ###.         1%          1    None
c - Spectral Weapon       Hex/Chrm       ###.....     6%          3    ###....
d - Summon Butterflies    Summ           ##......     6%          1    None
e - Confuse               Hex            ###.....     6%          3    ###....
f - Apportation           Tloc           ###.......   1%          1    None
g - Tukima's Dance        Hex            ###.....     6%          3    ###....
q - Shroud of Golubria    Chrm/Tloc      ###.......   2%          2    ##.....
w - Ozocubu's Armour      Chrm/Ice       ###.....     14%         3    ###....


Dungeon Overview and Level Annotations

Branches:
Dungeon (11/15)            Temple (1/1) D:5            Lair (8/8) D:8
 Shoals (0/4) Lair:3        Snake (0/4) Lair:6        Slime (0/6) Lair:6
    Orc: D:9-12

Altars:
Ashenzari
Cheibriados
Dithmenos
Elyvilon
Fedhas
Gozag
Kikubaaqudgha
Makhleb
Nemelex Xobeh
Okawaru
Pakellas
Qazlal
Ru
Sif Muna
Vehumet
Xom
Yredelemnul
Zin
The Shining One
Jiyva

Annotations:
D:3 Leszczynek's ghost, amateur OpFi
D:5 Ijustatesigmund's ghost, novice DsAK
D:7 exclusion: 7 killer bees, Prince Ribbit
D:9 exclusion: 3 doors
D:11 shining eye FUCK YOU NEMELEX, exclusion: shining eye
Lair:3 exclusions: death yak and 3 more exclusions
Lair:4 exclusions: electric eel and 1 more exclusion
Lair:8 Kirke


Innate Abilities, Weirdness & Mutations

You cannot wear most types of armour.
You are amphibious.
You can wear up to eight rings at the same time.
You can use your tentacles to constrict eight enemies at once.
Your skin changes colour to match your surroundings (Stealth).
Your rubbery body absorbs attacks (AC +1).
You are robust (+10% HP).


Message History

The death yak is almost dead.
You block the death yak's attack.
You hit the death yak.
You squeeze the death yak, but do no damage.
The death yak is almost dead.
You block the death yak's attack.
You hit the death yak but do no damage.
You squeeze the death yak, but do no damage.
The death yak is almost dead.
The death yak gores you.
* * * LOW HITPOINT WARNING * * *
You hit the death yak.
The death yak is almost dead.
Your icy armour starts to melt.
You hit the death yak but do no damage.
You squeeze the death yak, but do no damage.
The death yak is almost dead.
The death yak gores you!!
You die...
Your body glows with a rainbow of weird colours and disappears.

### ## ######.############ ###.
## #######..##...#.#.#.##..###...
.###.#..#..##.............###....
..........................# #.P..
............?........<....####...
..........P.P....................
...........P.....................
................@................
...P........P...Y............P#..
P.P..........P.............####..
#PP.'#.#P#####.#.+...P.##P## #...
###..##### ####†#####.### ###.
#P..# ###...# ### ## ##..#
######....## ### #.
###.#####......#..####.#### ###.
##P#.###P....#....##.#.....###...


You could see a death yak.

Vanquished Creatures
  Snorg (Lair:3)
  Harold (Lair:3)
  2 ice dragons
  5 hydras
  2 death yaks (Lair:7)
  A lindwurm (Lair:7)
  A hill giant (IceCv)
  3 griffons
  A siren (Lair:3)
  2 ice statues (IceCv)
  13 elephants
  A torpor snail (Lair:4)
  5 black mambas
  15 spiny frogs
  2 molten gargoyles (Lair:5)
  9 komodo dragons
  2 polar bears (Lair:8)
  A troll (D:11)
  15 blink frogs
  82 yaks
  5 wyverns
  13 hippogriffs
  7 basilisks
  A steam dragon (D:10)
  20 wolves
  A naga (Lair:6)
  Edmund (D:6)
  20 water moccasins
  A sky beast (D:9)
  7 porcupines
  A black bear (D:6)
  An orc warrior (D:11)
  A wasp (D:11)
  18 ice beasts
  3 ogres
  4 phantoms
  10 crocodiles
  3 centaurs
  A big kobold (D:8)
  19 giant frogs
  8 scorpions
  4 wights (D:8)
  11 killer bees
  An electric eel (Lair:4)
  2 centaur zombies
  5 lava snakes (Lair:5)
  A quasit (D:11)
  3 giant frog zombies
  3 jellies
  3 hounds
  10 orc wizards
  A giant frog skeleton (D:8)
  3 orc priests
  6 iguanas
  Jessica (D:2)
  7 worker ants
  6 hell rats (Lair:7)
  10 sheep
  A hound zombie (D:10)
  A hound skeleton (D:8)
  10 gnolls
  A worker ant zombie (D:5)
  8 adders
  68 river rats
  2 shadow imps
  An ooze (D:2)
  2 adder skeletons
  A worm (D:3)
  5 giant geckos
  31 orcs
  A ball python (D:2)
  4 bats
  5 giant cockroaches
  6 goblins
  5 hobgoblins
  11 jackals
  13 kobolds
  2 quokkas
  6 giant newts
  A quokka skeleton (D:4)
  5 rats
  4 fungi
  A plant (Lair:7)
581 creatures vanquished.

Vanquished Creatures (collateral kills)
  Erica (Lair:1)
  Sigmund (D:6)
  A steam dragon (D:9)
  2 wolves (Lair:6)
  An orc warrior (D:6)
6 creatures vanquished.

Vanquished Creatures (others)
  A wolf (Lair:6)
  51 fungi
  26 plants
78 creatures vanquished.

Grand Total: 665 creatures vanquished

Notes
Turn   | Place    | Note
--------------------------------------------------------------
     0 | D:1      | Leszczynek the Octopode Skald began the quest for the Orb.
     0 | D:1      | Reached XP level 1. HP: 14/14 MP: 3/3
   152 | D:1      | Reached skill level 1 in Stealth
   160 | D:1      | Reached XP level 2. HP: 2/19 MP: 0/5
   802 | D:1      | Learned a level 2 spell: Shroud of Golubria
  1262 | D:2      | Found an iron altar of Okawaru.
  1276 | D:2      | Gained mutation: You are robust (+10% HP). [potion of mutation]
  1276 | D:2      | Gained mutation: You are clumsy. (Dex -2) [potion of mutation]
  1276 | D:2      | Gained mutation: You are partially covered in iridescent scales (AC +4). [potion of mutation]
  1285 | D:2      | Reached XP level 3. HP: 5/26 MP: 2/6
  1595 | D:2      | Learned a level 3 spell: Spectral Weapon
  2097 | D:2      | Noticed Jessica
  2102 | D:2      | Killed Jessica
  2102 | D:2      | Reached XP level 4. HP: 14/31 MP: 7/7
  2614 | D:2      | Found an oddly glowing altar of Pakellas.
  2693 | D:2      | Reached skill level 4 in Maces & Flails
  2693 | D:2      | Reached XP level 5. HP: 27/37 MP: 8/8
  2964 | D:2      | Reached skill level 1 in Shields
  3412 | D:3      | Noticed Leszczynek's ghost (amateur OpFi)
  3961 | D:3      | Noticed an ogre
  4766 | D:2      | Reached XP level 6. HP: 38/42 MP: 9/9
  5017 | D:3      | Reached skill level 5 in Maces & Flails
  6137 | D:5      | Entered Level 5 of the Dungeon
  6137 | D:5      | Found a sparkling altar of Nemelex Xobeh.
  6314 | D:5      | Reached XP level 7. HP: 45/49 MP: 10/10
  6337 | D:5      | Learned a level 1 spell: Summon Butterflies
  6338 | D:5      | Became a worshipper of Nemelex Xobeh the Trickster
  6377 | D:4      | Reached skill level 6 in Maces & Flails
  6606 | D:5      | Noticed Ijustatesigmund's ghost (novice DsAK)
  6658 | D:5      | Received a gift from Nemelex Xobeh
  6913 | D:5      | Found a staircase to the Ecumenical Temple.
  7204 | Temple   | Entered the Ecumenical Temple
  7290 | D:6      | Noticed Edmund
  7306 | D:6      | Reached skill level 7 in Maces & Flails
  7432 | D:6      | Reached skill level 1 in Evocations
  7432 | D:6      | Reached XP level 8. HP: 50/55 MP: 11/11
  7447 | D:6      | Noticed Sigmund
  7612 | D:6      | Reached skill level 8 in Maces & Flails
  7847 | D:6      | Reached * piety under Nemelex Xobeh
  8118 | D:6      | Killed Sigmund
  8118 | D:6      | Reached skill level 1 in Translocations
  8236 | D:6      | Killed Edmund
  8384 | D:6      | Reached skill level 1 in Hexes
  8909 | D:7      | Received a gift from Nemelex Xobeh
  8951 | D:7      | Reached skill level 1 in Summonings
  8987 | D:7      | Reached XP level 9. HP: 40/59 MP: 12/12
  9412 | D:7      | Noticed Prince Ribbit
  9656 | D:8      | Reached ** piety under Nemelex Xobeh
  9679 | D:8      | Found a staircase to the Lair.
 10244 | D:8      | Reached skill level 9 in Maces & Flails
 10545 | D:8      | Reached skill level 5 in Evocations
 10602 | D:8      | Found a shattered altar of Ashenzari.
 10880 | Lair:1   | Entered Level 1 of the Lair of Beasts
 10928 | D:9      | Reached skill level 5 in Fighting
 11010 | D:9      | Found a shimmering altar of Xom.
 11124 | D:9      | Received a gift from Nemelex Xobeh
 11215 | D:9      | Reached XP level 10. HP: 45/74 MP: 14/14
 11581 | D:10     | Entered Level 10 of the Dungeon
 12665 | D:10     | Received a gift from Nemelex Xobeh
 12681 | D:10     | Learned a level 3 spell: Confuse
 12756 | D:10     | Reached skill level 10 in Maces & Flails
 13097 | D:10     | Received a gift from Nemelex Xobeh
 13135 | D:10     | Reached *** piety under Nemelex Xobeh
 13733 | D:11     | Found a shadowy altar of Dithmenos.
 13798 | D:11     | Noticed a hill giant
 13799 | D:11     | Noticed a shining eye
 13799 | D:11     | a hill giant changed into a shining eye
 13801 | D:11     | shining eye FUCK YOU NEMELEX
 13836 | D:11     | Received a gift from Nemelex Xobeh
 14217 | D:11     | Reached skill level 11 in Maces & Flails
 14867 | D:10     | Reached XP level 11. HP: 68/79 MP: 15/15
 15082 | Lair:1   | Reached skill level 12 in Maces & Flails
 15350 | Lair:1   | Reached **** piety under Nemelex Xobeh
 15351 | Lair:1   | Noticed Erica
 15366 | Lair:1   | Killed Erica
 15520 | Lair:1   | Received a gift from Nemelex Xobeh
 15572 | Lair:1   | Noticed an eight-headed hydra
 15577 | Lair:1   | Noticed an ice dragon
 15577 | Lair:1   | an eight-headed hydra changed into an ice dragon
 15587 | Lair:1   | Killed an ice dragon
 15741 | Lair:1   | Reached skill level 13 in Maces & Flails
 17949 | Lair:2   | Received a gift from Nemelex Xobeh
 18012 | Lair:2   | Reached skill level 14 in Maces & Flails
 18012 | Lair:2   | Reached XP level 12. HP: 48/86 MP: 17/17
 19014 | Lair:2   | Reached skill level 5 in Dodging
 19791 | Lair:2   | Noticed a five-headed hydra
 19796 | Lair:2   | Killed a five-headed hydra
 20124 | Lair:2   | Learned a level 1 spell: Apportation
 20128 | Lair:2   | Learned a level 3 spell: Tukima's Dance
 20423 | Lair:3   | Received a gift from Nemelex Xobeh
 20565 | Lair:3   | Noticed Harold
 20581 | Lair:3   | Killed Harold
 20735 | Lair:3   | Noticed Snorg
 20751 | Lair:3   | Killed Snorg
 21091 | Lair:3   | Received a gift from Nemelex Xobeh
 21212 | Lair:3   | Found a staircase to the Shoals.
 21543 | Lair:3   | Noticed a death yak
 21598 | Lair:3   | Noticed a death yak
 21662 | Lair:4   | Reached ***** piety under Nemelex Xobeh
 21806 | Lair:4   | Gained mutation: Your flesh is cold resistant. [potion of beneficial mutation]
 21807 | Lair:4   | Gained mutation: Your spells are a little harder to cast, but a little more powerful. [potion of beneficial mutation]
 21813 | Lair:4   | Noticed a five-headed hydra
 21826 | Lair:4   | Killed a five-headed hydra
 22077 | Lair:4   | Reached skill level 10 in Evocations
 22256 | Lair:4   | Reached XP level 13. HP: 77/96 MP: 20/20
 23067 | Lair:4   | Received a gift from Nemelex Xobeh
 24412 | Lair:4   | Reached skill level 5 in Charms
 26468 | Lair:5   | Received a gift from Nemelex Xobeh
 27936 | Lair:5   | Received a gift from Nemelex Xobeh
 27959 | Lair:5   | Reached skill level 5 in Translocations
 28382 | Lair:6   | Received a gift from Nemelex Xobeh
 28515 | Lair:6   | Found a viscous altar of Jiyva.
 28515 | Lair:6   | Found a staircase to the Slime Pits.
 28663 | Lair:6   | Lost mutation: You are partially covered in iridescent scales (AC +4). [potion of cure mutation]
 28663 | Lair:6   | Lost mutation: Your spells are a little harder to cast, but a little more powerful. [potion of cure mutation]
 28663 | Lair:6   | Lost mutation: Your flesh is cold resistant. [potion of cure mutation]
 28663 | Lair:6   | Lost mutation: You are clumsy. (Dex -2) [potion of cure mutation]
 28834 | Lair:6   | Reached XP level 14. HP: 102/106 MP: 22/22
 28857 | Lair:6   | Found a staircase to the Snake Pit.
 29363 | Lair:7   | Received a gift from Nemelex Xobeh
 29956 | Lair:7   | Reached skill level 10 in Fighting
 30680 | Lair:7   | Upgraded the game from 0.18-a0-1147-g8e8348b to 0.18-a0-1157-g59db91b
 32750 | Lair:7   | Reached skill level 5 in Stealth
 34436 | Lair:8   | Entered Level 8 of the Lair of Beasts
 34862 | Lair:8   | Received a gift from Nemelex Xobeh
 34911 | Lair:8   | Found a frozen archway.
 35012 | Lair:8   | Reached skill level 5 in Hexes
 35028 | IceCv    | Entered an ice cave
 36838 | IceCv    | Got a slimy golden ring
 36840 | IceCv    | Got a fine lead ring
 36900 | IceCv    | Learned a level 3 spell: Ozocubu's Armour
 36909 | IceCv    | Identified the ring of Midwinter {SustAt rF+ rC+ rN+ Int+2} (You found it in an ice cave)
 36910 | IceCv    | Identified the ring of the Countless Spirits {*Tele rElec} (You found it in an ice cave)
 37140 | Lair:8   | Reached skill level 1 in Ice Magic
 37296 | Lair:8   | Received a gift from Nemelex Xobeh
 37569 | Lair:8   | Noticed Kirke
 37741 | Lair:7   | Slain by a death yak

Vault maps used:
D:1:      zelgadis_glass_arrival_small
D:2:      okawaru_trees_1, kennysheep_pointless_box, grunt_pakellas_basics,
          uniq_jessica
D:5:      minmay_temple_entry_poolview, first_bread, corexii_checkpoint_b,
          nemelex_xobeh_ov_fountains_minmay
D:6:      glass_columns_a, supply_closet_lemuel, uniq_edmund, uniq_sigmund
D:7:      grunt_ogre_cave, minivault_27, uniq_prince_ribbit1
D:8:      lair_0_dummy, evilmike_ruin_ashenzari
D:9:      nicolae_overflow_hidden_temple
D:11:     nicolae_dithmenos_shadow_blocks
Temple:   lightli_temple_of_artemis
Lair:1:   uniq_erica
Lair:2:   st_stairs_4, beast_lair_carwin_8
Lair:3:   minmay_shoals_entry_lonely_mermaid, uniq_snorg, uniq_harold
Lair:4:   minivault_26
Lair:5:   cheibrodos_magma_flow, infiniplex_staircase_pool_2
Lair:6:   guppyfry_snake_entry_island, slime_altar_1
Lair:8:   guppyfry_lair_end_dragon, portal_ice_cave_entry_animals_and_master,
          hangedman_lair_unloving_vines, serial_bayou_shore_b,
          grunt_megastairs_5, uniq_kirke
IceCv:    ice_cave_small_dragons

Action                   |  1- 3 |  4- 6 |  7- 9 | 10-12 | 13-15 || total
-------------------------+-------+-------+-------+-------+-------++-------
Melee: Mace              |    59 |   158 |   118 |       |       ||   335
       Flail             |       |       |   222 |   915 |  1802 ||  2939
       Hunting sling     |       |       |       |       |     1 ||     1
 Fire: Hunting sling     |     3 |     5 |    10 |    13 |    31 ||    62
Throw: Stone             |       |     1 |     1 |     8 |    36 ||    46
 Cast: Infusion          |     2 |       |       |       |     7 ||     9
       Shroud of Golubri |       |       |     2 |       |    77 ||    79
       Ozocubu's Armour  |       |       |       |       |     3 ||     3
       Spectral Weapon   |       |       |       |       |     1 ||     1
Evoke: Wand              |       |     1 |       |    13 |    24 ||    38
       Deck              |       |       |     9 |    26 |    29 ||    64
       Fan of gales      |       |       |       |       |     1 ||     1
  Use: Scroll            |     3 |     9 |     3 |     7 |     9 ||    31
       Potion            |     1 |       |       |     6 |    11 ||    18
 Stab: Sleeping          |     2 |     9 |    17 |    10 |     4 ||    42
       Distracted        |     1 |       |     2 |     2 |     4 ||     9
       Confused          |       |       |       |     5 |     6 ||    11
       Invisible         |       |       |       |       |     7 ||     7
  Eat: Chunk             |     4 |     5 |     6 |    16 |    37 ||    68
       Pizza             |       |     1 |     2 |     1 |     1 ||     5
       Royal jelly       |       |     1 |     1 |       |       ||     2
       Bread ration      |       |     1 |     1 |       |     2 ||     4
       Beef jerky        |       |       |       |     3 |     7 ||    10
       Meat ration       |       |       |       |     1 |       ||     1
